 Dungeon Crawl Stone Soup version 0.29.1-2-gbd0b4ee654 (webtiles) character file.

Game seed: 12696717450039867657

186799 NinjaNoafa the Warrior (level 17, -17/163 HPs)
             Began as a Minotaur Fighter on Nov 18, 2022.
             Was an Initiate of Gozag.
             Blown up by an orb spider (22 damage)
             ... with a wavering orb of destruction
             ... on level 4 of the Spider Nest.
             The game lasted 01:31:23 (46464 turns).

NinjaNoafa the Warrior (Minotaur Fighter)          Turns: 46464, Time: 01:31:23

Health: -17/163    AC: 36    Str: 29    XL:     17   Next: 85%
Magic:  16/16      EV: 12    Int:  5    God:    Gozag
Gold:   736        SH: 22    Dex: 21    Spells: 16/16 levels left

rFire   . . .      SeeInvis .   C - +4 morningstar of Tenacity {venom, Contam +Blink rPois Dex+10}
rCold   + . .      Faith    .   L - +0 tower shield
rNeg    + + .      Spirit   .   J - +7 pearl dragon scales "Qaenlug" {rPois rN+}
rPois   +          Reflect  .   N - +2 hat
rElec   .          Harm     .   Q - +2 cloak
rCorr   .          Rampage  .   d - +2 pair of gloves
Will    +....      Clarity  +   O - +0 pair of boots
Stlth   ..........              Y - amulet of the acrobat
HPRegen 0.37/turn               y - +4 ring of evasion
MPRegen 0.15/turn               j - ring of Netherhi {rC+ rN+ Str+3 Dex-2 Slay+4}

@: lethally poisoned (-17 -> -20), about to teleport, gold aura, studying
Translocations, unable to drink
A: horns 2, retaliatory headbutt, clarity, inability to drink after injury 1
a: Renounce Religion, Evoke Blink, Potion Petition, Call Merchant, Bribe Branch


You were on level 4 of the Spider Nest.
You worshipped Gozag.
Gozag was pleased with you.
You visited 8 branches of the dungeon, and saw 32 of its levels.

You collected 9596 gold pieces.
You spent 8152 gold pieces at shops.
You paid 708 gold pieces to Gozag.

Inventory:

Hand Weapons
 C - the +4 morningstar of Tenacity (weapon) {venom, Contam +Blink rPois Dex+10}
   (You bought it in a shop on level 3 of the Spider Nest)

   It poisons the flesh of those it strikes.
   Dex:       It affects your dexterity (+10).
   rPois:     It protects you from poison.
   +Blink:    It lets you blink.
   Contam:    It causes magical contamination when unequipped.
Missiles
 a - 46 poisoned darts
 s - 5 silver javelins
 w - 10 javelins
 I - 10 boomerangs
 K - 3 curare-tipped darts
 M - 2 throwing nets
Armour
 d - a +2 pair of gloves (worn)
 J - the +7 pearl dragon scales "Qaenlug" (worn) {rPois rN+}
   (You bought it in a shop on level 8 of the Dungeon)

   rPois:     It protects you from poison.
   rN:        It protects you from negative energy.
 L - a +0 tower shield (worn)
 N - a +2 hat (worn)
 O - a +0 pair of boots (worn)
 Q - a +2 cloak (worn)
Jewellery
 j - the ring of Netherhi (right hand) {rC+ rN+ Str+3 Dex-2 Slay+4}
   (You bought it in a shop on level 2 of the Orcish Mines)

   [ring of slaying]

   Str:       It affects your strength (+3).
   Dex:       It affects your dexterity (-2).
   Slay:      It affects your accuracy & damage with ranged weapons and melee
   (+4).
   rC:        It protects you from cold.
   rN:        It protects you from negative energy.
 y - a +4 ring of evasion (left hand)
 T - a ring of resist corrosion
 U - a ring of flight
 Y - an amulet of the acrobat (around neck)
Wands
 b - a wand of polymorph (18)
 h - a wand of quicksilver (14)
 u - a wand of roots (30)
 z - a wand of digging (20)
 B - a wand of flame (52) (quivered)
 G - a wand of paralysis (22)
Scrolls
 c - a scroll of immolation
 f - 6 scrolls of vulnerability
 i - 7 scrolls of teleportation
 l - 2 scrolls of blinking
 m - 6 scrolls of torment
 o - 4 scrolls of noise
 t - 8 scrolls of identify
 A - a scroll of brand weapon
 P - a scroll of fear
 V - 2 scrolls of summoning
 W - 4 scrolls of fog
Potions
 e - 3 potions of invisibility
 k - 2 potions of resistance
 n - 2 potions of heal wounds
 p - 6 potions of haste
 r - 5 potions of degeneration
 x - 4 potions of curing
 D - 7 potions of attraction
 E - 3 potions of might
 F - 2 potions of magic
 S - 5 potions of flight
 X - a potion of berserk rage
Miscellaneous
 q - a piece from Xom's chessboard (15/15)
 v - a phial of floods
 H - a lightning rod (4/4)
 R - a tin of tremorstones (2/2)
 Z - a phantom mirror


   Skills:
 - Level 18.0 Fighting
 - Level 4.8(12.5) Axes
 - Level 17.7(18.0) Maces & Flails
 - Level 18.0 Armour
 + Level 17.2 Shields
 + Level 16.2 Evocations


You had 16 spell levels left.
You didn't know any spells.
Your spell library contained the following spells:

 Spells                   Type           Power      Damage    Failure   Level
 Apportation              Tloc           0%         N/A       95%         1
 Beastly Appendage        Tmut           0%         N/A       95%         1
 Foxfire                  Conj/Fire      0%         2x1d4     95%         1
 Magic Dart               Conj           0%         1d3       95%         1
 Slow                     Hex            0%         N/A       95%         1
 Sting                    Tmut/Pois      0%         1d3       95%         1
 Ensorcelled Hibernation  Hex/Ice        0%         N/A       99%         2
 Searing Ray              Conj           0%         2d4       99%         2
 Sublimation of Blood     Necr           0%         N/A       99%         2
 Wereblood                Tmut           0%         N/A       99%         2
 Confusing Touch          Hex            0%         N/A       100%        3
 Frozen Ramparts          Ice            0%         1d1       100%        3
 Gell's Gravitas          Tloc           0%         N/A       100%        3
 Ignite Poison            Fire/Tmut/Pois 0%         N/A       100%        3
 Spider Form              Tmut/Pois      0%         N/A       100%        3
 Teleport Other           Tloc           0%         N/A       100%        3
 Animate Armour           Summ/Erth      0%         N/A       100%        4
 Flame Wave               Conj/Fire      0%         2d4       100%        4
 Fulminant Prism          Conj/Hex       0%         3d6       100%        4
 Ice Form                 Ice/Tmut       0%         N/A       100%        4
 Leda's Liquefaction      Hex/Erth       0%         N/A       100%        4
 Petrify                  Tmut/Erth      0%         N/A       100%        4
 Summon Ice Beast         Ice/Summ       0%         N/A       100%        4
 Alistair's Intoxication  Tmut/Pois      0%         N/A       100%        5
 Blade Hands              Tmut           0%         N/A       100%        5
 Lee's Rapid Deconstruct  Erth           0%         3d5*      100%        5
 Summon Forest            Summ/Tloc      0%         N/A       100%        5
 Yara's Violent Unravell  Hex/Tmut       0%         3d3       100%        5
 Dispersal                Tloc           0%         N/A       100%        6
 Eringya's Noxious Bog    Tmut/Pois      0%         N/A       100%        6
 Iron Shot                Conj/Erth      0%         9d1       100%        6
 Statue Form              Tmut/Erth      0%         N/A       100%        6
 Enfeeble                 Hex            0%         N/A       100%        7
 Monstrous Menagerie      Summ           0%         N/A       100%        7
 Summon Hydra             Summ           0%         N/A       100%        7


Dungeon Overview and Level Annotations

Branches:
Dungeon (14/15)            Temple (1/1) D:5            Lair (5/5) D:9
  Swamp (3/4) Lair:3       Spider (4/4) Lair:2        Slime (2/5) Lair:4
    Orc (2/2) D:12            Elf (1/3) Orc:2        Vaults (0/5) D:14

Altars:
Ashenzari
Cheibriados
Dithmenos
Elyvilon
Fedhas
Gozag
Hepliaklqana
Kikubaaqudgha
Makhleb
Nemelex Xobeh
Okawaru
Qazlal
Ru
Sif Muna
Trog
Uskayaw
Vehumet
Wu Jian
Xom
Yredelemnul
Zin
The Shining One
Jiyva

Shops:
D:2 ?   D:6 [=   D:8 [?*=[   D:10 :   Orc:2 =*[[(   Elf:1 [   Spider:3 (


Innate Abilities, Weirdness & Mutations

You have a pair of horns on your head.
You reflexively headbutt those who attack you in melee.
You possess an exceptional clarity of mind.
You occasionally lose the ability to drink potions when taking damage.


Message History

The orb of destruction hits you!!
You feel threatened and lose the ability to drink potions!
* * * LOW HITPOINT WARNING * * *
The orb spider spins a strand of pure energy.
You cannot drink potions in your current state!
The emperor scorpion attacks as you move away!
You block the emperor scorpion's attack.
The emperor scorpion claws you but does no damage. x2
* * * LOW HITPOINT WARNING * * *
You feel very sick.
The jumping spider leaps! x2
Blink to where?
Press: ? - help, Dir - move target
As you read the scroll of blinking, it crumbles to dust.
* * * LOW HITPOINT WARNING * * *
You feel very sick.
As you read the scroll of teleportation, it crumbles to dust.
You feel strangely unstable.
You feel sick. You block the jumping spider's attack.
The jumping spider closely misses you.
The jumping spider pounces on you but does no damage.
You block the jumping spider's attack.
You bludgeon the jumping spider!!
The jumping spider looks as sick as possible!
You headbutt the jumping spider!
You kill the jumping spider!
* * * LOW HITPOINT WARNING * * *
You feel sick.
Unknown command.
You cannot drink potions in your current state!
You feel sick.
Your surroundings seem slightly different.
You pick your way through the web.
You feel sick.
The orb spider weaves a glowing orb of energy.
An orb of destruction comes into view.
There is a web here.
Unknown command.
As you read the scroll of teleportation, it crumbles to dust.
You feel strangely unstable.
You feel sick.
The wavering orb of destruction hits you!!
You die...

#.^#.....~~≈≈≈≈≈≈≈≈≈~≈
#.##§#..~~≈≈≈≈≈###≈≈≈≈
#.$.#..~~≈≈≈≈### ###≈≈
#.))...~≈≈≈≈## #≈≈
#..~...~≈≈### ##≈
#.#^...~≈≈# #≈
#.~....~≈≈#
#.#^s.^~≈≈#
#.#.○@.~≈≈# ≈
#.#s.^.~≈≈## ## ≈
#^~....~≈≈≈## .~ ≈
#.^#.#.~≈≈≈≈###s###
#..##°.$$~≈≈≈≈~.≈≈≈ ~
#^~..○^#.$~≈≈≈?..~≈ ~
#.^...#..~~~~~.#^~ ^
#.^#^[$..^^..#~^~#
#..~..........^.^.. .


You could see an emperor scorpion (poisoned) and an orb spider.

Vanquished Creatures
  Nikola (Spider:3)
  Arachne (Spider:3)
  Mlioglotl (Spider:3)
  The ghost of Suryr the Thaumaturge, an adept GnHW of Sif Muna (Swamp:2)
  Roxanne (Spider:2)
  A rockslime (Slime:2)
  4 azure jellies (Slime:1)
  An orc warlord (Orc:2)
  An emperor scorpion (Spider:1)
  A ghost moth (Spider:3)
  Aizul (Spider:3)
  The ghost of miserystealer the Severer, a journeyman PaBe of Trog (Orc:2)
  3 broodmothers
  A deep elf demonologist (Elf:1)
  3 eleionomae
  A minotaur (Orc:2)
  3 entropy weavers
  2 spark wasps
  5 bunyips
  Josephine (D:13)
  7 hydras
  2 catoblepae
  2 jorogumos
  8 vault guards (D:14)
  A merfolk avatar (Lair:5)
  A ghost crab (Swamp:2)
  Erica (D:8)
  10 boulder beetles
  3 two-headed ogres
  2 centaur warriors (D:14)
  7 alligators
  3 radroaches
  3 death yaks (Lair:4)
  An orc high priest (Orc:2)
  4 deep elf knights
  5 skeletal warriors (D:13)
  8 pharaoh ants
  Amaemon (Lair:1)
  6 steelbarb worms
  A goliath frog (Swamp:1)
  2 sun moths (Spider:4)
  12 orb spiders
  3 spriggan druids
  2 swamp dragons
  6 bog bodies
  Pikel (Temple)
  2 harpies (Lair:5)
  2 deep elf archers (Elf:1)
  7 deep elf pyromancers (Elf:1)
  15 deep elf zephyrmancers (Elf:1)
  19 ugly things
  3 manticores
  3 orc knights
  2 oklob plants
  9 wolf spiders
  A shining eye (Slime:1)
  22 slime creatures
  3 will-o-the-wisps
  7 moths of wrath
  4 cyclopes
  2 orc sorcerers
  Maurice (D:8)
  3 black mambas
  16 elephants
  9 cane toads
  An orange demon (Lair:1)
  7 torpor snails
  9 komodo dragons
  4 demonic crawlers
  An eye of devastation (Slime:2)
  5 ice devils (D:12)
  2 efreet (D:14)
  2 unseen horrors (D:12)
  A tengu conjurer (D:14)
  6 rime drakes
  9 meliai
  5 polar bears
  9 hornets
  5 trolls
  A wind drake (Lair:5)
  21 tarantellas
  13 blink frogs
  A snapping turtle (Lair:5)
  2 tyrant leeches
  9 dream sheep (Lair:4)
  15 culicivoras
  28 jumping spiders
  An air elemental (Elf:1)
  Sigmund (D:6)
  7 wraiths
  35 yaks
  A shadow (D:11)
  A centaur simulacrum (D:14)
  4 ynoxinuls (D:12)
  7 spriggans
  The ghost of inkworks the Covered, an amateur MiFi of Okawaru (D:3)
  7 wyverns
  Grum (D:8)
  A golden eye (Slime:2)
  A steam dragon (D:10)
  5 basilisks
  37 redbacks
  5 wargs
  26 vampire mosquitoes
  21 water moccasins
  4 swamp worms
  2 acid dragons (D:11)
  Duvessa (D:4)
  2 swamp drakes (Swamp:1)
  An ice beast (D:5)
  29 orc warriors
  28 wolves
  7 ogres
  6 centaurs
  4 lemures (Temple)
  2 phantoms
  3 kobold brigands
  An earth elemental (Elf:1)
  7 bullfrogs
  3 gnoll sergeants
  8 scorpions
  2 necrophages (D:5)
  A hornet simulacrum (D:14)
  4 wights
  Dowan (D:4)
  12 killer bees
  8 howler monkeys
  5 electric eels
  4 hounds
  A jelly (D:4)
  4 iguanas
  18 orc priests
  Ijyb (Temple)
  Terence (D:2)
  38 orc wizards
  2 hound zombies (D:3)
  18 gnolls
  10 adders
  A shadow imp (D:5)
  A white imp (D:7)
  2 ufetubi
  A worm (D:4)
  2 dart slugs
  55 orcs
  7 bats
  6 endoplasms
  5 giant cockroaches
  9 goblins
  4 hobgoblins
  4 jackals
  7 ball pythons
  3 frilled lizards
  25 kobolds
  10 rats
964 creatures vanquished.

Vanquished Creatures (collateral kills)
  2 orc warriors (Orc:2)
  An orc (Orc:2)
3 creatures vanquished.

Vanquished Creatures (others)
  10 foxfires
  29 fungi
  74 plants
  14 toadstools (Lair:3)
127 creatures vanquished.

Grand Total: 1094 creatures vanquished

Notes
Turn   | Place    | Note
-------+----------+-------------------------------------------
     0 | D:1      | NinjaNoafa the Minotaur Fighter began the quest for the
                  | Orb.
     0 | D:1      | Reached XP level 1. HP: 19/19 MP: 0/0
   200 | D:1      | Reached XP level 2. HP: 18/26 MP: 1/1
  1050 | D:2      | Found a faded altar of an unknown god.
  1054 | D:2      | Noticed Terence
  1067 | D:2      | Reached XP level 3. HP: 17/31 MP: 2/2
  1073 | D:2      | Killed Terence
  1074 | D:2      | Reached skill level 5 in Maces & Flails
  1366 | D:2      | Found a shimmering altar of Xom.
  1405 | D:2      | Reached XP level 4. HP: 39/39 MP: 3/3
  1460 | D:2      | Found Elumol's Magic Scroll Shop.
  1465 | D:2      | Bought a scroll of identify for 28 gold pieces
  1854 | D:3      | Found a runed translucent gate.
  1854 | D:3      | Found a runed translucent gate.
  1854 | D:3      | Found a runed translucent gate.
  1854 | D:3      | Noticed inkworks's ghost (amateur MiFi)
  1856 | D:3      | Found a basalt altar of Yredelemnul.
  2422 | D:4      | Reached XP level 5. HP: 45/45 MP: 4/4
  2664 | D:4      | Noticed Dowan
  2664 | D:4      | Noticed Duvessa
  2671 | D:4      | Killed Duvessa
  2672 | D:4      | Reached XP level 6. HP: 51/51 MP: 5/5
  2675 | D:4      | Killed Dowan
  3169 | D:5      | Entered Level 5 of the Dungeon
  3180 | D:5      | Noticed an ice beast
  3190 | D:5      | Killed an ice beast
  3191 | D:5      | Reached XP level 7. HP: 42/57 MP: 6/6
  3392 | D:5      | Noticed Pikel
  3516 | D:5      | Reached skill level 10 in Maces & Flails
  3540 | D:5      | Found a staircase to the Ecumenical Temple.
  3541 | D:5      | Noticed Ijyb
  3565 | Temple   | Entered the Ecumenical Temple
  3565 | Temple   | Found a transporter.
  3565 | Temple   | Found a transporter.
  3682 | Temple   | Found a transporter.
  3682 | Temple   | Found a transporter.
  3710 | Temple   | Became a worshipper of Gozag Ym Sagoz the Greedy
  4322 | Temple   | Reached XP level 8. HP: 49/64 MP: 7/7
  4325 | Temple   | Killed Ijyb
  4401 | Temple   | Killed Pikel
  4431 | D:5      | Found a hide-covered altar of Uskayaw.
  5382 | D:6      | Found a stormy altar of Qazlal.
  5415 | D:6      | Noticed Sigmund
  5435 | D:6      | Killed Sigmund
  5436 | D:6      | Reached XP level 9. HP: 38/70 MP: 8/8
  5708 | D:6      | Found Mecuc's Jewellery Boutique.
  6306 | D:7      | Reached skill level 15 in Maces & Flails
  6494 | D:7      | Found a flagged portal.
  7151 | D:6      | Found Nietunef's Armour Emporium.
  7796 | D:8      | Reached skill level 5 in Fighting
  7881 | D:8      | Found a shimmering altar of Xom.
  7930 | D:8      | Identified the +1 dagger of Prudence {distort, rC+ Will+
                  | Str+4}
  7956 | D:8      | Noticed Erica
  7990 | D:8      | Reached XP level 10. HP: 60/91 MP: 9/9
  8159 | D:8      | Reached skill level 10 in Fighting
  8372 | D:8      | Noticed a two-headed ogre
  8395 | D:8      | Killed Erica
  8403 | D:8      | Killed a two-headed ogre
  8643 | D:8      | Found a radiant altar of Vehumet.
  8734 | D:6      | Bought a +3 plate armour of fire resistance for 675 gold
                  | pieces
  8738 | D:6      | Bought a +0 pair of boots for 67 gold pieces
  8854 | D:8      | Found Suigh's Antique Armour Shoppe.
  9073 | D:8      | Found Qotoenedgh's Antique Armour Shop.
  9074 | D:8      | Found Gaschuwn's Assorted Antiques.
  9074 | D:8      | Found Onecsyl's Magic Scroll Emporium.
  9075 | D:8      | Found Nici's Jewellery Boutique.
  9079 | D:8      | Bought a scroll of identify for 58 gold pieces
  9080 | D:8      | Bought a scroll labelled BOAL SIHUQIZXY for 29 gold pieces
  9080 | D:8      | Bought a scroll labelled ZIH XAUNOARCH for 29 gold pieces
  9082 | D:8      | Noticed Maurice
  9124 | D:8      | Killed Maurice
  9188 | D:8      | Noticed Grum
  9206 | D:8      | Killed Grum
  9431 | D:8      | Bought a scroll of identify for 26 gold pieces
  9433 | D:8      | Bought a scroll labelled GYC OXZEAD for 29 gold pieces
  9884 | D:9      | Found a staircase to the Lair.
  9894 | D:9      | Reached skill level 10 in Armour
  9894 | D:9      | Reached XP level 11. HP: 103/104 MP: 10/10
 10040 | D:9      | Got the Incunable of the Captivating Pyre
 10073 | Lair:1   | Entered Level 1 of the Lair of Beasts
 10231 | Lair:1   | Reached skill level 5 in Shields
 11102 | Lair:1   | Noticed Amaemon
 11113 | Lair:1   | Killed Amaemon
 11683 | Lair:1   | Noticed a six-headed hydra
 11698 | Lair:1   | Killed a six-headed hydra
 12099 | D:8      | Bought the ring of Qoimimm {rPois rC+} for 408 gold pieces
 12403 | D:3      | Killed inkworks's ghost
 12404 | D:3      | Reached skill level 10 in Shields
 12737 | Lair:2   | Found a hole to the Spider Nest.
 12873 | Lair:2   | Noticed an eight-headed hydra
 12892 | Lair:2   | Killed an eight-headed hydra
 12893 | Lair:2   | Reached XP level 12. HP: 39/112 MP: 11/11
 13272 | Lair:2   | Noticed a six-headed hydra
 13279 | Lair:2   | Killed a six-headed hydra
 13983 | Lair:2   | Reached skill level 1 in Evocations
 14540 | Lair:3   | Found a staircase to the Swamp.
 14606 | Lair:3   | Reached skill level 5 in Evocations
 15573 | Lair:3   | Found a blossoming altar of Fedhas.
 16352 | Lair:4   | Identified the +7 long sword "Bonkeiph" {flame, rElec rN++
                  | Int-2}
 16545 | Lair:4   | Reached XP level 13. HP: 122/122 MP: 12/12
 16578 | Lair:4   | Found a viscous altar of Jiyva.
 16578 | Lair:4   | Found a staircase to the Slime Pits.
 17490 | Lair:4   | You fall into a shaft and drop 1 floor!
 17490 | Lair:5   | Entered Level 5 of the Lair of Beasts
 18131 | Lair:5   | Reached skill level 15 in Fighting
 18131 | Lair:5   | Reached skill level 10 in Evocations
 19157 | Lair:5   | Identified the +3 trident of the First Bounties {vorpal,
                  | rPois Will+ Dex+4}
 19167 | Lair:5   | Identified the ring "Xila" {rC+ MP+9 Int+3}
 19543 | Lair:5   | Identified the +2 robe of Midwinter {rN+ Int+2}
 20200 | D:10     | Entered Level 10 of the Dungeon
 20276 | D:10     | Found a runed translucent door.
 20281 | D:10     | Found a runed translucent door.
 20505 | D:10     | Found a sacrificial altar of Ru.
 20511 | D:10     | Found a bloodstained altar of Trog.
 20526 | D:10     | Identified the +11 hand axe "Nohaim" {venom, Str+6}
 20626 | D:10     | Found Imumavve's Book Shoppe.
 22240 | D:10     | Reached skill level 1 in Axes
 22656 | D:11     | Reached XP level 14. HP: 122/137 MP: 13/13
 23611 | D:12     | Found a staircase to the Orcish Mines.
 23902 | D:13     | Noticed Josephine
 23923 | D:13     | Killed Josephine
 25287 | D:8      | Bought shimmering pearl dragon scales for 3312 gold pieces
 25287 | D:8      | Identified the +7 pearl dragon scales "Qaenlug" {rPois rN+}
                  | (You bought it in a shop on level 8 of the Dungeon)
 26477 | D:14     | Identified the +1 robe of Objectivity {Dex+3}
 26589 | Orc:1    | Entered Level 1 of the Orcish Mines
 26687 | Orc:2    | Entered Level 2 of the Orcish Mines
 26687 | Orc:2    | Found a staircase to the Elven Halls.
 26693 | Orc:2    | Noticed an orc warlord
 26720 | Orc:2    | Killed an orc warlord
 27419 | Orc:2    | Paralysed by an orc sorcerer for 4 turns
 27766 | Orc:2    | Found Qoloacs's General Store.
 27770 | Orc:2    | Found Nilus's Antique Weapon Shoppe.
 27775 | Orc:2    | Found Uhuem's Antique Armour Shoppe.
 27781 | Orc:2    | Found Jietuckoj's Jewellery Shoppe.
 27975 | Orc:2    | Bought a glowing hat for 168 gold pieces
 28015 | Orc:2    | Found Peedghiy's Armour Boutique.
 28023 | Orc:2    | Bought a +2 buckler for 198 gold pieces
 28853 | Orc:2    | Found a runed translucent gate.
 28854 | Orc:2    | Found a runed translucent gate.
 28854 | Orc:2    | Found a runed translucent gate.
 28869 | Orc:2    | Noticed miserystealer's ghost (journeyman PaBe)
 29661 | D:14     | Reached XP level 15. HP: 112/147 MP: 14/14
 30074 | D:14     | Found a gate to the Vaults.
 30771 | D:14     | Noticed a sphinx
 31093 | Swamp:1  | Entered Level 1 of the Swamp
 31131 | Spider:1 | Entered Level 1 of the Spider Nest
 31794 | Spider:1 | Noticed an emperor scorpion
 31804 | Spider:1 | Killed an emperor scorpion
 32091 | Orc:2    | Killed miserystealer's ghost
 32391 | Orc:2    | Bought the ring of Netherhi {rC+ rN+ Str+3 Dex-2 Slay+4}
                  | for 1671 gold pieces
 32499 | Orc:2    | Bought a scroll of teleportation for 51 gold pieces
 32499 | Orc:2    | Bought a potion of might for 68 gold pieces
 34696 | Spider:2 | Reached XP level 16. HP: 149/156 MP: 15/15
 34736 | Spider:2 | Identified Roxanne's Parchment of Transfiguration
 34736 | Spider:2 | Noticed Roxanne
 34755 | Spider:2 | Killed Roxanne
 35708 | Spider:3 | Noticed Arachne
 35731 | Spider:3 | Killed Arachne
 35745 | Spider:3 | HP: 6/157 [radroach (4)]
 35747 | Spider:3 | HP: 1/156 [radroach (13)]
 36228 | Slime:1  | Entered Level 1 of the Pits of Slime
 36311 | Slime:1  | Reached skill level 15 in Armour
 36779 | Slime:1  | Gained mutation: Your system is resistant to poisons.
                  | (rPois) [a shining eye]
 37526 | Slime:1  | Noticed an acid blob
 37526 | Slime:1  | Noticed an acid blob
 39325 | Spider:3 | Bought a polished morningstar for 261 gold pieces
 39325 | Spider:3 | Identified the +4 morningstar of Tenacity {venom, Contam
                  | +Blink rPois Dex+10} (You bought it in a shop on level 3 of
                  | the Spider Nest)
 39444 | Spider:3 | Reached skill level 15 in Shields
 39766 | Spider:3 | Noticed Mlioglotl
 40307 | Spider:3 | Noticed Nikola
 40325 | Spider:3 | Killed Nikola
 40326 | Spider:3 | Reached skill level 15 in Evocations
 40428 | Spider:3 | Noticed Aizul
 40436 | Spider:3 | Killed Mlioglotl
 40447 | Spider:3 | Killed Aizul
 40578 | Spider:4 | Entered Level 4 of the Spider Nest
 41402 | Swamp:2  | Reached XP level 17. HP: 126/163 MP: 16/16
 42161 | Swamp:2  | Found a runed translucent door.
 42161 | Swamp:2  | Noticed Suryr's ghost (adept GnHW)
 42271 | Swamp:2  | Identified the +1 plate armour "Riugror" {+Inv Int-5 Dex+8
                  | Slay-6}
 42408 | Swamp:2  | Killed Suryr's ghost
 43298 | D:8      | Bought a lightning rod (4/4) for 870 gold pieces
 43406 | Elf:1    | Entered Level 1 of the Elven Halls
 43696 | Elf:1    | Found Afiwinlu's Armour Emporium.
 44038 | Elf:1    | Paralysed by an air elemental for 1 turns
 44124 | Elf:1    | Got the Tome of Battle Magic and the Flock
 44497 | Orc:2    | Bought 5 silver javelins for 204 gold pieces
 46002 | Spider:4 | Lost mutation: Your system is resistant to poisons. (rPois)
                  | [potion of mutation]
 46002 | Spider:4 | Gained mutation: You occasionally shout uncontrollably at
                  | your foes. [potion of mutation]
 46002 | Spider:4 | Gained mutation: You are clumsy. (Dex -2) [potion of
                  | mutation]
 46002 | Spider:4 | Lost mutation: You are clumsy. (Dex -2) [potion of
                  | mutation]
 46002 | Spider:4 | Gained mutation: You have an increased reservoir of magic.
                  | (+10% MP) [potion of mutation]
 46003 | Spider:4 | Lost mutation: You occasionally shout uncontrollably at
                  | your foes. [potion of mutation]
 46003 | Spider:4 | Lost mutation: You have an increased reservoir of magic.
                  | (+10% MP) [potion of mutation]
 46003 | Spider:4 | Gained mutation: You occasionally lose the ability to drink
                  | potions when taking damage. [potion of mutation]
 46003 | Spider:4 | Gained mutation: You possess an exceptional clarity of
                  | mind. [potion of mutation]
 46440 | Spider:4 | Identified the +4 ring mail of the Falcon {Int+4}
 46461 | Spider:4 | HP: 8/163 [poisoned by an emperor scorpion]
 46464 | Spider:4 | Blown up by an orb spider

Illustrated notes

Levels and vault maps discovered:
D:1:      spicycebolla_arrival_xxxplode, layout_loops_ring
D:2:      layout_rooms, ebering_ecumenical_altar_ruins, serial_shops,
          nicolae_shop_hallway_stairs, basic_altar, uniq_terence
D:3:      layout_basic, nicolae_yredelemnul_ghost_church
D:4:      layout_gridville, uniq_duvessa
D:5:      layout_gridville, mainiacjoe_overflow_cross_hatched,
          minmay_temple_entry_crystal_x, minmay_manual_mullet, uniq_ijyb,
          uniq_pikel
D:6:      layout_layer_cave, nicolae_qazlal_general_emergency, serial_shops,
          nicolae_shop_advertising_works [nicolae_subvault_shop_adworks],
          kennysheep_little_box, wad_floor_pattern_2, uniq_sigmund
D:7:      layout_loops_corners, enter_bailey_6
D:8:      layout_loops_cross, xom_teletrap_fun, nicolae_vehumet_altar_sigil,
          serial_shops, nicolae_shop_overgrown_old_shop, minmay_crystal_room,
          nicolae_wooded_promenade, uniq_erica, uniq_grum, uniq_maurice
D:9:      layout_basic, minmay_lair_entry_grove, minmay_variable_closet
D:10:     lemuel_insect_pit, layout_loops_corners, mainiacjoe_overflow_catwalk,
          tgw_trog, serial_shops, nicolae_take_the_stairs
D:11:     layout_stronghold
D:12:     cheibrodos_quadrivalence, layout_rooms, orc_0_dummy
D:13:     layout_gridville, uniq_josephine
D:14:     minmay_tile_spiral, layout_rooms, erik_vaults_2,
          kennysheep_flooded_box
Temple:   hellmonk_temple_divided_pantheon
Lair:1:   layout_concentric_octagons, serial_bayou_shore_a, lemuel_fruit_tree,
          grunt_megastairs_1, uniq_amaemon
Lair:2:   layout_layer_cave, hellmonk_spider_entry_not_the_bees, minivault_24,
          minivault_25, grunt_megastairs_2
Lair:3:   layout_misc_corridors, minmay_swamp_entry_wisps, tgw_fedhas
Lair:4:   layout_regular_city, slime_entry_1, nicolae_quartered_pool_super
Lair:5:   gammafunk_lair_ancient_temple, layout_layer_cave
Swamp:1:  layout_falls_marsh, nicolae_swamp_well_well_well,
          infiniplex_staircase_pool
Swamp:2:  layout_basic_swamp, gammafunk_ghost_grave, nicolae_swamp_little_swirl,
          nicolae_swamp_oklob_treasure_island
Swamp:3:  layout_falls_marsh, gammafunk_ghost_grave,
          nicolae_swamp_orc_logging_accident, swamp_pool2,
          hangedman_swamp_diagram
Spider:1: layout_chambers, nicolae_spider_nooks_and_crannies
Spider:2: layout_spider_delve, uniq_roxanne
Spider:3: layout_cave_pods, nicolae_spider_eight_legs, uniq_arachne,
          uniq_mlioglotl, uniq_aizul, uniq_nikola
Spider:4: grunt_spider_rune_island
Slime:1:  layout_caves
Slime:2:  layout_caves, cheibrodos_slime_lost_civilization_7
Orc:1:    layout_diamond_mine, basic_altar
Orc:2:    grunt_orc_cross, layout_caves, maelrawn_ghost_gauntlet_escape,
          basic_altar, serial_shops, shop_statue
Elf:1:    layout_gridlike, serial_shops, nicolae_shop_hallway_plus,
          nicolae_shop_hallway_stairs, shop, basic_altar, minmay_elf_sorcery

Skill      XL: |  1  2  3  4  5  6  7  8  9 10 11 12 13 14 15 16 17 |
---------------+----------------------------------------------------+-----
Maces & Flails | 3 4 5 6 7 9 11 14 16 17 | 17.7
Fighting       | 9 12 13 16 17 18 | 18.0
Armour         | 10 12 13 14 16 18 | 18.0
Shields        | 10 12 13 15 17 | 17.2
Evocations     | 8 11 13 14 15 16 | 16.2
Axes           | 2 4 |  4.8

Action                   |  1- 3 |  4- 6 |  7- 9 | 10-12 | 13-15 | 16-18 || total
-------------------------+-------+-------+-------+-------+-------+-------++-------
Melee: Flail             |    57 |    67 |       |       |       |       ||   124
       Headbutt          |     6 |    16 |    59 |   161 |   348 |   228 ||   818
       Morningstar       |       |    37 |   335 |   304 |    21 |   578 ||  1275
       Demon whip        |       |       |       |   397 |  1099 |   261 ||  1757
       Hand axe          |       |       |       |       |   147 |       ||   147
Throw: Dart              |       |     2 |       |       |       |       ||     2
Invok: Call Merchant     |       |       |       |       |       |     1 ||     1
Evoke: Wand              |       |       |     5 |     1 |    11 |    20 ||    37
       Tin of tremorston |       |       |       |       |     3 |     3 ||     6
       Phantom mirror    |       |       |       |       |     1 |       ||     1
       Piece from Xom's  |       |       |       |       |     1 |       ||     1
  Use: Potion            |     1 |     1 |     3 |     6 |     4 |    12 ||    27
       Scroll            |       |     5 |     3 |     7 |    24 |    10 ||    49
 Stab: Distracted        |       |       |     1 |     5 |    18 |    10 ||    34
       Invisible         |       |       |       |     1 |       |       ||     1
       Petrified         |       |       |       |       |     2 |       ||     2
Armor: Scale mail        |    11 |       |       |       |       |       ||    11
       Plate armour      |    32 |    62 |   133 |   343 |   249 |       ||   819
       Leather armour    |     2 |       |       |       |       |       ||     2
       Skin              |       |       |     1 |       |       |       ||     1
       Pearl dragon scal |       |       |       |       |   240 |   517 ||   757
Dodge: Dodged            |    38 |    30 |   145 |   280 |   545 |   424 ||  1462
Block: Buckler           |    18 |    20 |   162 |   355 |   337 |       ||   892
       Reflection        |       |     1 |     4 |     5 |       |       ||    10
       Tower shield      |       |       |       |       |   196 |   970 ||  1166
